 Dungeon Crawl Stone Soup version 0.24.0-123-gd5b16e6ec5 (webtiles) character file.

Game seed: 4289050105462402499, levelgen mode: deterministic

16 Lemonice the Charmwright (level 2, -2/25 HPs)
             Began as a Draconian Skald on Feb 11, 2020.
             Slain by an ooze (5 damage)
             ... on level 1 of the Dungeon.
             The game lasted 00:00:53 (378 turns).

Lemonice the Charmwright (Draconian Skald)           Turns: 378, Time: 00:00:53

Health: -2/25      AC:  4    Str: 13    XL:     2   Next: 41%
Magic:  5/5        EV: 12    Int: 13    God:
Gold:   0          SH:  0    Dex: 10    Spells: 4/5 levels left

rFire    . . .     SeeInvis .   a - +0 spear
rCold    . . .     Gourm    .   (no shield)
rNeg     . . .     Faith    .   (armour unavailable)
rPois    .         Spirit   .   (helmet restricted)
rElec    .         Reflect  .   (no cloak)
rCorr    .         Harm     .   (no gloves)
MR       .....                  (no boots)
Stlth    +.........             (no amulet)
HPRegen  0.08/turn              (no ring)
MPRegen  0.09/turn              (no ring)

@: no status effects
A: unfitting armour, cold-blooded, AC +4
a: no special abilities


You were on level 1 of the Dungeon.
You were not hungry.

You visited 1 branch of the dungeon, and saw 1 of its levels.

Inventory:

Hand Weapons
 a - a +0 spear (weapon)
Scrolls
 b - a scroll of identify {unknown}
 d - a scroll of fog {unknown}
 f - a scroll of fear {unknown}
Potions
 e - a potion of ambrosia {unknown}
Comestibles
 c - a ration


   Skills:
 + Level 2.4 Fighting
 + Level 2.2 Polearms
 + Level 2.2 Dodging
 + Level 2.3 Spellcasting
 + Level 2.8 Charms


You had 4 spell levels left.
You knew the following spells:

 Your Spells              Type           Power        Failure   Level  Hunger
a - Infusion              Chrm           #...         8%          1    #......

Your spell library contained the following spells:

 Spells                   Type           Power        Failure   Level  Hunger
 Song of Slaying          Chrm           #.......     12%         2    ###....
 Shroud of Golubria       Chrm/Tloc      #.....       21%         2    ###....
 Regeneration             Chrm/Necr      #.........   38%         3    ###....
 Spectral Weapon          Hex/Chrm       #.......     38%         3    ###....


Dungeon Overview and Level Annotations

Branches:
Dungeon (1/15)

Altars:


Innate Abilities, Weirdness & Mutations

Your plain brown scales are hard. (AC +4)
You cannot fit into any form of body armour.
You are cold-blooded and may be slowed by cold attacks.


Message History

The ooze barely misses you. The leopard gecko bites you.
You miss the bat. The bat misses you. The bat hits you but does no damage.
The ooze hits you. The leopard gecko barely misses you.
A giant cockroach comes into view.
You completely miss the bat. The bat barely misses you. The bat hits you.
The leopard gecko bites you but does no damage.
The goblin misses you. The ooze barely misses you. The bat hits you.
You hit the bat.
You kill the bat!
The bat hits you but does no damage.
The leopard gecko bites you but does no damage.
The goblin hits you with a +0 dagger of speed.
* * * LOW HITPOINT WARNING * * *
The ooze closely misses you. The bat hits you but does no damage.
The goblin hits you with a +0 dagger of speed.
* * * LOW HITPOINT WARNING * * *
You barely miss the bat. The bat hits you.
* * * LOW HITPOINT WARNING * * *
The leopard gecko barely misses you. The ooze hits you.
You die...

#.##.##.##. #..........
#......... .
...(....#.# ..........
.. #........ ##.
#l.#.#s#.# ..
#lJ)...... #.
#@g.......
#.#####b#####...# ###
#.####.......# #...#
#.. #.........####
#.).# #.#
######.####### #...#
#.# #.......# #...# #.#
#).####.####..†######.#
### #..#
.................# ..#
#(.#...................


You could see an ooze, 2 leopard geckos, a giant cockroach, a goblin and a bat.

Vanquished Creatures
  3 dart slugs (D:1)
  A leopard gecko (D:1)
  2 hobgoblins (D:1)
  A bat (D:1)
  2 kobolds (D:1)
  A rat (D:1)
10 creatures vanquished.

Notes
Turn   | Place    | Note
-------+----------+-------------------------------------------
     0 | D:1      | Lemonice the Draconian Skald began the quest for the Orb.
     0 | D:1      | Reached XP level 1. HP: 17/17 MP: 3/3
   300 | D:1      | Reached XP level 2. HP: 25/25 MP: 5/5
   378 | D:1      | Slain by an ooze

Levels and vault maps discovered:
D:1:      lightli_arrival_windingriver, layout_loops_cross

Action                   || total
-------------------------++-------
Melee: Spear             ||    49
       Tailslap          ||     5
 Stab: Sleeping          ||     1
Armor: Skin              ||    16
Dodge: Dodged            ||    42
